 Dungeon Crawl Stone Soup version 0.30-a0-1074-g5db6f66fbb (webtiles) character file.

Game seed: 9154766186416461428

144 Pimp the Digger (level 5, -2/57 HPs)
             Began as a Draconian Earth Elementalist on Apr 13, 2023.
             Slain by Natasha (6 damage)
             ... on level 3 of the Dungeon.
             The game lasted 00:04:26 (1911 turns).

Pimp the Digger (Draconian Earth Elementalist)      Turns: 1911, Time: 00:04:27

Health: -2/57      AC: 22    Str:  7 (10) XL:     5   Next: 5%
Magic:  7/9        EV:  2    Int: 14 (17) God:
Gold:   81         SH:  0    Dex: 11 (12) Spells: 8/9 levels left

rFire   . . .      SeeInvis .    f - +2 trident (heavy)
rCold   . . .      Faith    .    (no shield)
rNeg    . . .      Spirit   .    (body armour unavailable)
rPois   +          Reflect  .    (helmet currently unavailable)
rElec   .          Rampage  .    (cloak currently unavailable)
rCorr   .          NoTele   +    (gloves currently unavailable)
Will    .....                    (boots currently unavailable)
Stlth   ++                       (no amulet)
HPRegen 0.29/turn                (no ring)
MPRegen 0.11/turn                (no ring)

@: tree-form, slowed, very slow
A: stationary, stasis, torment immunity, boosted hp, AC +5, unfitting armour,
(cold-blooded)
a: no special abilities


You were on level 3 of the Dungeon.
You were a tree.
You visited 1 branch of the dungeon, and saw 3 of its levels.

You collected 81 gold pieces.

Inventory:

Hand Weapons
 f - a +2 heavy trident (weapon)
 i - a +0 dagger of flaming
Scrolls
 b - 3 scrolls of immolation {unknown}
 d - a scroll of vulnerability {unknown}
 k - a scroll of teleportation {unknown}
 n - a scroll of enchant armour {unknown}
 o - a scroll of blinking {unknown}
 p - a scroll of amnesia {unknown}
Potions
 a - a potion of magic
 c - a potion of degeneration
 e - a potion of invisibility {unknown}
 g - a potion of lignification
 h - a potion of might {unknown}
 j - a potion of mutation {unknown}
 l - 4 potions of curing {unknown}
 m - 2 potions of heal wounds {unknown}


   Skills:
 + Level 2.6 Dodging
 + Level 2.7 Stealth
 + Level 2.7 Spellcasting
 + Level 2.2 Transmutations
 + Level 3.7 Earth Magic


You had 8 spell levels left.
You knew the following spells:

 Your Spells              Type           Power      Damage    Failure   Level
a - Sandblast             Erth           24%        2d8       4%          1

Your spell library contained the following spells:

 Spells                   Type           Power      Damage    Failure   Level
 Passwall                 Tmut/Erth      8%         N/A       10%         2
 Stone Arrow              Conj/Erth      14%        3d7       30%         3
 Frozen Ramparts          Ice            2%         1d1       54%         3
 Petrify                  Tmut/Erth      10%        N/A       54%         4
 Ice Form                 Ice/Tmut       5%         N/A       80%         4
 Summon Ice Beast         Ice/Summ       1%         N/A       91%         4


Dungeon Overview and Level Annotations

Branches:
Dungeon (3/15)

Altars:

Annotations:
D:3 Natasha


Innate Abilities, Weirdness & Mutations

You are a tree.
Your roots penetrate the ground, keeping you stationary.
You cannot be teleported.
You are immune to unholy pain and torment.
Your maximum health is greatly increased.
Your equipment is partially melded.
((Your plain brown scales are hard. (AC +5)))
You cannot fit into any form of body armour.
((You are cold-blooded and may be slowed by cold attacks.))


Message History

There was something very wrong with that liquid.
You feel weakened.
You feel dopey.
You feel clumsy.
Natasha wildly gestures.
Natasha shimmers violently.
Natasha closely misses you.
The cerulean imp hits you from afar with a +4 spear.
* * * LOW HITPOINT WARNING * * *
Natasha barely misses you.
The cerulean imp hits you from afar with a +4 spear.
* * * LOW HITPOINT WARNING * * *
It was a potion of lignification.
You turn into a tree.
Your roots penetrate the ground.
Natasha barely misses you.
The cerulean imp hits you but does no damage.
You puncture Natasha!
Natasha is almost dead.
Natasha claws you but does no damage.
The cerulean imp hits you but does no damage.
Natasha claws you but does no damage.
The cerulean imp hits you but does no damage.
Natasha claws you but does no damage.
The cerulean imp hits you but does no damage.
You barely miss Natasha.
Natasha is almost dead.
Natasha claws you but does no damage.
The cerulean imp hits you but does no damage.
Natasha claws you.
* * * LOW HITPOINT WARNING * * *
The cerulean imp hits you but does no damage.
Natasha mumbles some strange words.
You feel troubled. Natasha claws you but does no damage.
The cerulean imp hits you from afar with a +4 spear.
* * * LOW HITPOINT WARNING * * *
You closely miss Natasha.
Natasha is severely wounded.
Natasha casts a spell at you.
The magic dart hits you but does no damage.
The cerulean imp hits you but does no damage.
Natasha claws you.
You die...

###'##
#####....###
#..[.......#
###.............
#.........###.##
#.[.......# ..#
#..5......# .#
#..h).##### .
#..♣..# #.....#
#.....######
#...........
#....†......
#...........
#...........
#...........
#...........


You could see Natasha and a cerulean imp (summoned).

Vanquished Creatures
  Natasha (twice) (D:3)
  5 adders
  2 worms
  2 dart slugs (D:2)
  2 endoplasms (D:2)
  5 goblins
  6 hobgoblins
  5 ball pythons
  6 bats
  2 frilled lizards (D:1)
  4 kobolds
  3 rats
44 creatures vanquished.

Notes
Turn   | Place    | Note
-------+----------+-------------------------------------------
     0 | D:1      | Pimp the Draconian Earth Elementalist began the quest for
                  | the Orb.
     0 | D:1      | Reached XP level 1. HP: 14/14 MP: 3/3
   600 | D:1      | Reached XP level 2. HP: 20/20 MP: 3/5
   979 | D:2      | Reached XP level 3. HP: 25/26 MP: 2/6
  1381 | D:2      | Reached XP level 4. HP: 23/33 MP: 7/7
  1772 | D:3      | Noticed Natasha
  1778 | D:3      | Killed Natasha
  1881 | D:3      | Noticed Natasha
  1890 | D:3      | Killed Natasha
  1891 | D:3      | Reached XP level 5. HP: 14/38 MP: 9/9
  1901 | D:3      | Noticed Natasha
  1911 | D:3      | Slain by Natasha

Illustrated notes

Levels and vault maps discovered:
D:1:      minmay_arrival_loop, layout_loops_ring, nicolae_titane
D:2:      layout_rooms, serial_glass, glass_columns_b, glass_columns_a
D:3:      layout_basic, uniq_natasha

Skill      XL: |  1  2  3  4 |
---------------+-------------+-----
Stealth        | 2 |  2.7
Dodging        | 2 |  2.6
Transmutations | 2 |  2.2
Spellcasting   | |  2.7
Earth Magic    | |  3.7

Action                     |  1- 3 |  4- 6 || total
---------------------------+-------+-------++-------
  Melee: Trident           |    35 |    37 ||    72
         Unarmed           |     2 |       ||     2
         Tailslap          |     4 |     4 ||     8
         Punch             |       |     1 ||     1
   Cast: Sandblast         |    31 |    13 ||    44
    Use: Potion            |       |     2 ||     2
 Armour: Skin              |    23 |    28 ||    51
  Dodge: Dodged            |    63 |    44 ||   107

Table legend: (Time is in decaauts)
 A = Elapsed time spent in this place.
 B = Non-inter-level travel time spent in this place.
 C = Inter-level travel time spent in this place.
 D = Time resting spent in this place.
 E = Time spent auto-exploring this place.
 F = Levels seen in this place.
 G = Mean time per level.
                   A        B        C        D        E       F      G
               +--------+--------+--------+--------+--------+-----+--------+
         Total |   2004 |   1976 |     28 |    295 |   1231 |   3 |  668.0 |
       Dungeon |   2004 |   1976 |     28 |    295 |   1231 |   3 |  668.0 |
               +--------+--------+--------+--------+--------+-----+--------+

Top non-repeatable levels by time:
     D:1: 980 daAuts
     D:2: 848 daAuts
     D:3: 175 daAuts
